 Dungeon Crawl Stone Soup version 0.19.1-1-g22dce08 (webtiles) character file.

3906 lofty the Basher (level 10, 0/77 HPs)
             Began as a Human Berserker on Dec 29, 2016.
             Was an Elder of Trog.
             Killed from afar by an electric eel (11 damage)
             ... with a bolt of electricity
             ... on level 9 of the Dungeon.
             The game lasted 01:30:42 (10174 turns).

lofty the Basher (Human Berserker)                 Turns: 10174, Time: 01:30:43

Health: 0/77       AC: 11    Str: 21    XL:     10   Next: 43%
Magic:  0/10       EV: 13    Int:  8    God:    Trog [****..]
Gold:   327        SH:  0    Dex: 12    Spells: 0 memorised, 9 levels left

rFire  . . .     SeeInvis .     J - -1 morningstar (curse)
rCold  . . .     Gourm    .     o - +0 troll leather armour
rNeg   + . .     Faith    .     (no shield)
rPois  .         Spirit   +     (no helmet)
rElec  .         Reflect  .     e - +1 cloak
rCorr  .         Harm     .     (no gloves)
MR     .....                    (no boots)
Stlth  ++........               c - amulet of guardian spirit
                                u - ring of positive energy
                                f - +4 ring of protection

@: no status effects
A: no striking features
a: Berserk, Trog's Hand, Brothers in Arms, Burn Spellbooks, Renounce Religion


You were on level 9 of the Dungeon.
You worshipped Trog.
Trog was greatly pleased with you.
You were not hungry.

You visited 2 branches of the dungeon, and saw 10 of its levels.
You also visited: Sewer.

You collected 327 gold pieces.

Inventory:

Hand Weapons
 j - a +2 mace of protection
 k - a +2 hunting sling of freezing
 v - a +3 trident of freezing
 w - a +2 vampiric short sword
 x - a +3 quarterstaff of chaos
 z - a +2 flail of protection
 B - a +0 battleaxe
 C - a +0 shortbow
 D - a +5 mace
 H - a +4 war axe
 I - a +0 great mace
 J - a cursed -1 morningstar (weapon)
Missiles
 b - 39 sling bullets
 i - 5 javelins (quivered)
Armour
 e - a +1 cloak (worn)
 m - a +2 chain mail of cold resistance
 o - a +0 troll leather armour (worn)
Jewellery
 c - an amulet of guardian spirit (around neck)
 f - a +4 ring of protection (left hand)
 r - an uncursed ring of flight
 u - a ring of positive energy (right hand)
Wands
 s - a wand of flame (20/48)
 y - a wand of disintegration (19/24)
 G - a wand of confusion (29/48)
Scrolls
 g - a scroll of blinking
 h - 4 scrolls of teleportation
 q - a scroll of recharging
 L - a scroll of enchant weapon
Potions
 l - 3 potions of curing
 n - a potion of agility
 A - a potion of berserk rage
 F - a potion of flight
Books
 E - a Young Poisoner's Handbook

   Spells                             Type                      Level
   a - Sting                          Conjuration/Poison           1
   b - Mephitic Cloud                 Conjuration/Poison/Air       3
   c - Olgreb's Toxic Radiance        Poison                       4
   d - Alistair's Intoxication        Transmutation/Poison         5
   e - Venom Bolt                     Conjuration/Poison           5
   Trog disapproves of the use of such an item.
Comestibles
 d - a fruit
 p - 2 slices of pizza
 t - 5 meat rations


   Skills:
 + Level 6.9 Fighting
 + Level 3.7(6.4) Axes
 + Level 8.2(9.2) Maces & Flails
 + Level 5.0(7.2) Staves
 + Level 1.0 Slings
 + Level 7.0 Armour
 + Level 4.4 Dodging
 + Level 2.1 Stealth
 + Level 0.2 Evocations


You had 9 spell levels left.
You didn't know any spells.

Dungeon Overview and Level Annotations

Branches:
Dungeon (9/15)             Temple (1/1) D:7
   Lair: D:8-11         Orc: D:9-12

Altars:
Ashenzari
Cheibriados
Dithmenos
Elyvilon
Fedhas
Gozag
Hepliaklqana
Kikubaaqudgha
Makhleb
Nemelex Xobeh
Okawaru
Qazlal
Ru
Sif Muna
Trog
Uskayaw
Vehumet
Xom
Yredelemnul
Zin
The Shining One


Message History

The electric eel is moderately wounded.
The electric eel shoots out a bolt of lightning at you!
The bolt of electricity hits you! x2
* * * LOW HITPOINT WARNING * * *
The bolt of electricity hits the electric eel.
The electric eel completely resists.
You barely miss the electric eel.
The electric eel is moderately wounded.
You barely miss the electric eel.
The electric eel is moderately wounded.
The electric eel shoots out a bolt of lightning at you!
The bolt of electricity hits you!
* * * LOW HITPOINT WARNING * * *
The bolt of electricity hits you!
* * * LOW HITPOINT WARNING * * *
The bolt of electricity hits the electric eel.
The electric eel completely resists.
The electric eel shoots out a bolt of lightning at you!
The bolt of electricity hits you!
You die...

#.....#....≈#.#
#.....#≈P≈P)#≈#
#P≈.PP#≈....#≈#
#.≈.P.#≈≈.≈≈#≈#
#####((≈?$##≈≈≈##≈#
#<..#≈≈≈≈≈###.##≈##
#...##≈;≈##≈....##
#....##.##≈######
#######....'@..≈##
#..........######
#...............
#...............
#....##....###...
#....####### ..
#....# . #.....
#......


You could see an electric eel.

Vanquished Creatures
  A deep elf mage (D:9)
  The ghost of Apogee the Basher, a novice GrFi of Trog (D:5)
  A troll (D:8)
  4 hippogriffs
  2 sky beasts
  A black bear (D:6)
  A necrophage (D:8)
  An ogre (D:4)
  The ghost of Brusher the Caller, an amateur OpSu (D:3)
  A bullfrog (Sewer)
  3 scorpions
  3 wights (D:7)
  5 electric eels (D:9)
  A bullfrog zombie (D:7)
  2 hounds
  4 jellies
  Crazy Yiuf (D:6)
  3 orc priests
  A bullfrog skeleton (D:4)
  2 iguanas
  9 orc wizards
  2 worker ants
  A hound skeleton (D:6)
  4 gnolls (D:4)
  15 adders
  3 shadow imps
  An ooze (D:4)
  3 adder skeletons
  5 worms
  A dart slug (D:1)
  7 leopard geckos
  24 orcs
  6 ball pythons
  7 bats
  10 giant cockroaches
  4 goblins
  9 hobgoblins
  3 jackals (D:3)
  4 quokkas
  A ball python skeleton (D:4)
  8 frilled lizards
  A jackal zombie (D:6)
  5 kobolds
  9 rats
181 creatures vanquished.

Vanquished Creatures (collateral kills)
  A two-headed ogre (D:8)
  A centaur (D:8)
  A gnoll sergeant (D:8)
  8 gnolls
  An adder (D:8)
12 creatures vanquished.

Vanquished Creatures (others)
  A wyvern zombie (D:7)
  A quokka (D:2)
  A plant (D:9)
  5 toadstools (D:1)
8 creatures vanquished.

Grand Total: 201 creatures vanquished

Notes
Turn   | Place    | Note
-------+----------+-------------------------------------------
     0 | D:1      | lofty the Human Berserker began the quest for the Orb.
     0 | D:1      | Reached XP level 1. HP: 18/18 MP: 1/1
   453 | D:1      | Reached XP level 2. HP: 24/24 MP: 2/2
   709 | D:1      | Reached XP level 3. HP: 29/29 MP: 3/3
   990 | D:2      | Reached ** piety under Trog
  1093 | D:2      | Found a white marble altar of Elyvilon.
  1102 | D:2      | Reached XP level 4. HP: 28/35 MP: 4/4
  1212 | D:2      | Reached skill level 1 in Maces & Flails
  1810 | D:2      | Found a hazy altar of Hepliaklqana.
  1895 | D:2      | Found a deep blue altar of Sif Muna.
  1895 | D:2      | Found an ancient bone altar of Kikubaaqudgha.
  2279 | D:3      | Reached skill level 2 in Maces & Flails
  2279 | D:3      | Reached XP level 5. HP: 41/41 MP: 5/5
  2336 | D:3      | Noticed Brusher's ghost (amateur OpSu)
  2360 | D:3      | Killed Brusher's ghost
  2360 | D:3      | Reached skill level 3 in Maces & Flails
  2460 | D:3      | Reached XP level 6. HP: 44/48 MP: 6/6
  3380 | D:4      | Reached skill level 4 in Maces & Flails
  3386 | D:4      | Reached *** piety under Trog
  3401 | D:4      | Reached XP level 7. HP: 51/53 MP: 5/7
  3497 | D:4      | Reached skill level 5 in Maces & Flails
  3892 | D:4      | Found a glowing drain.
  3896 | Sewer    | Entered a sewer
  3967 | Sewer    | Reached **** piety under Trog
  4167 | Sewer    | Reached XP level 8. HP: 61/61 MP: 8/8
  4871 | D:4      | Reached skill level 6 in Maces & Flails
  4881 | D:4      | Found a shadowy altar of Dithmenos.
  5012 | D:4      | Reached skill level 1 in Slings
  5074 | D:5      | Entered Level 5 of the Dungeon
  5132 | D:5      | Noticed a hippogriff
  5149 | D:5      | Killed a hippogriff
  5358 | D:5      | Noticed Apogee's ghost (novice GrFi)
  5379 | D:5      | Killed Apogee's ghost
  5379 | D:5      | Reached skill level 5 in Fighting
  5379 | D:5      | Reached skill level 7 in Maces & Flails
  5382 | D:5      | Noticed a hippogriff
  5404 | D:5      | Killed a hippogriff
  5404 | D:5      | Reached skill level 5 in Armour
  5404 | D:5      | Reached XP level 9. HP: 50/68 MP: 7/9
  5975 | D:6      | Found a runed door.
  5979 | D:6      | Noticed Crazy Yiuf
  5985 | D:6      | Killed Crazy Yiuf
  6038 | D:6      | Reached skill level 8 in Maces & Flails
  6512 | D:6      | Reached skill level 1 in Staves
  6596 | D:6      | Reached ***** piety under Trog
  6916 | D:7      | Noticed a hippogriff
  6935 | D:7      | Killed a hippogriff
  7691 | D:7      | Found a staircase to the Ecumenical Temple.
  7847 | Temple   | Entered the Ecumenical Temple
  8554 | D:8      | Noticed a hippogriff
  8571 | D:8      | Killed a hippogriff
  8571 | D:8      | Reached skill level 1 in Stealth
  8740 | D:8      | Reached XP level 10. HP: 70/77 MP: 8/10
  9051 | D:8      | Found a stormy altar of Qazlal.
  9199 | D:8      | Found a sparkling altar of Nemelex Xobeh.
  9569 | D:9      | Noticed a deep elf mage
  9583 | D:9      | Killed a deep elf mage
 10161 | D:9      | Reached skill level 5 in Staves
 10174 | D:9      | Killed from afar by an electric eel

Skill      XL: |  1  2  3  4  5  6  7  8  9 10 |
---------------+-------------------------------+-----
Maces & Flails | 2 3 4 5 7 8 |  8.2
Armour         | 3 5 6 7 |  7.0
Fighting       | 4 5 6 |  6.9
Dodging        | 3 4 |  4.4
Slings         | 1 |  1.0
Staves         | 3 5 |  5.0
Stealth        | 1 2 |  2.1
Axes           | |  3.7
Evocations     | |  0.2

Action                   |  1- 3 |  4- 6 |  7- 9 | 10-12 || total
-------------------------+-------+-------+-------+-------++-------
Melee: Hand axe          |    53 |       |       |       ||    53
       Mace              |    33 |   187 |   288 |       ||   508
       Quarterstaff      |       |       |   164 |    36 ||   200
       Morningstar       |       |       |       |    11 ||    11
 Fire: Hunting sling     |       |       |     5 |       ||     5
Invok: Berserk           |       |     1 |     3 |     1 ||     5
       Brothers in Arms  |       |       |     1 |     3 ||     4
 Abil: Evoke Flight      |       |       |       |     1 ||     1
Evoke: Wand              |       |       |     2 |     2 ||     4
  Use: Scroll            |     3 |     5 |     9 |     3 ||    20
       Potion            |       |     4 |     7 |     3 ||    14
 Stab: Paralysed         |       |       |     1 |     1 ||     2
       Sleeping          |       |       |       |     1 ||     1
  Eat: Fruit             |     1 |     1 |     3 |     1 ||     6
       Bread ration      |       |     1 |     2 |       ||     3
       Royal jelly       |       |     1 |       |     1 ||     2
       Chunk             |       |       |    10 |     4 ||    14
       Beef jerky        |       |       |     1 |       ||     1
Armor: Animal skin       |     6 |       |       |       ||     6
       Ring mail         |    27 |    48 |       |       ||    75
       Skin              |     4 |       |       |       ||     4
       Chain mail        |       |    38 |   396 |     8 ||   442
       Troll leather arm |       |       |       |     8 ||     8
Dodge: Dodged            |    63 |   118 |   210 |    27 ||   418
